 Dungeon Crawl Stone Soup version 0.29-a0-194-g6e3aafee17 (webtiles) character file.

Game seed: 1974321018878185706

2 siradein the Shield-Bearer (level 1, 18/18 HPs)
             Began as a Formicid Fighter on Feb 23, 2022.
             Quit the game on level 1 of the Dungeon.
             The game lasted 00:00:17 (144 turns).

siradein the Shield-Bearer (Formicid Fighter)        Turns: 144, Time: 00:00:18

Health: 18/18      AC:  6    Str: 20    XL:     1   Next: 44%
Magic:  1/1        EV:  9    Int:  7    God:
Gold:   24         SH:  4    Dex: 10    Spells: 0/0 levels left

rFire   . . .      SeeInvis +   a - +0 flail
rCold   . . .      Faith    .   c - +0 buckler
rNeg    . . .      Spirit   .   b - +0 scale mail
rPois   .          Reflect  .   (helmet unavailable)
rElec   .          Harm     .   (no cloak)
rCorr   .          Rampage  .   (no gloves)
Will    +....                   (no boots)
Stlth   ..........              (no amulet)
HPRegen 0.06/turn               e - ring of willpower
MPRegen 0.07/turn               (no ring)

@: no status effects
A: permanent stasis, dig shafts and tunnels, antennae 3, four strong arms
a: Dig, Shaft Self


You were on level 1 of the Dungeon.
You visited 1 branch of the dungeon, and saw 1 of its levels.

You collected 24 gold pieces.

Inventory:

Hand Weapons
 a - a +0 flail (weapon)
Armour
 b - a +0 scale mail (worn)
 c - a +0 buckler (worn)
Jewellery
 e - a ring of willpower (left hand)
Potions
 d - a potion of might


   Skills:
 + Level 3.3 Fighting
 + Level 2.0 Maces & Flails
 + Level 3.3 Armour
 + Level 3.7 Shields


You couldn't memorise any spells.
You didn't know any spells.
Your spell library was empty.

Dungeon Overview and Level Annotations

Branches:
Dungeon (1/15)

Altars:


Innate Abilities, Weirdness & Mutations

You cannot be hasted, slowed, berserked, paralysed or teleported.
You can dig through walls and to a lower floor.
You have a pair of large antennae on your head. (SInv)
Your four strong arms can wield two-handed weapons with a shield.


Message History

The kobold shouts!
The kobold throws a stone.
You block the stone.
You barely miss the kobold. The kobold hits you but does no damage.
You closely miss the kobold. The kobold hits you but does no damage.
You hit the kobold.
You kill the kobold!
No target in view!
No target in view!
No target in view!
No target in view!
Things that are here:
a +0 short sword; 2 stones You open the door.
A giant cockroach comes into view.
Found a knobbly ivory ring, 13 gold pieces and a robe.
A giant cockroach is nearby!
A giant cockroach is nearby!
A giant cockroach is nearby!
A giant cockroach is nearby!
There is an open door here.
You sock the giant cockroach!
You kill the giant cockroach!
No target in view!
No target in view!
No target in view!
e - a ring of willpower You now have 13 gold pieces.
You now have 24 gold pieces (gained 11).
You open the door.
Found 32 stones.
There is an open door here.
You see here 32 stones.
You open the door.
There is an open door here.
There is an open door here.
You sense a monster nearby.
A giant cockroach comes into view.
The giant cockroach bites you but does no damage.
e - a ring of willpower (left hand) Are you sure you want to abandon this character and quit the game? (Confirm with "yes".)

##.####......#.##.#######.#
#.#............#.......#.##
##.####...........####.#'###
### #.....##.##.# #......
#####.##.##.# #......
#.##.##.# ####### #.##....#
#.####### #@# #....B...#
#.##.###.# # #.# ... #.. ...
....


You could see a giant cockroach.

Vanquished Creatures
  A giant cockroach (D:1)
  A kobold (D:1)
2 creatures vanquished.

Notes
Turn   | Place    | Note
-------+----------+-------------------------------------------
     0 | D:1      | siradein the Formicid Fighter began the quest for the Orb.
     0 | D:1      | Reached XP level 1. HP: 18/18 MP: 1/1
   144 | D:1      | Quit the game

Illustrated notes

Levels and vault maps discovered:
D:1:      dpeg_arrival_round_a, layout_loops_corners

Action                   || total
-------------------------++-------
Melee: Flail             ||     4
Armor: Scale mail        ||     3
Block: Buckler           ||     1

Table legend: (Time is in decaauts)
 A = Elapsed time spent in this place.
 B = Non-inter-level travel time spent in this place.
 C = Inter-level travel time spent in this place.
 D = Time resting spent in this place.
 E = Time spent auto-exploring this place.
 F = Levels seen in this place.
 G = Mean time per level.
                   A        B        C        D        E       F      G
               +--------+--------+--------+--------+--------+-----+--------+
         Total |    144 |    144 |      0 |      0 |    128 |   1 |  144.0 |
       Dungeon |    144 |    144 |      0 |      0 |    128 |   1 |  144.0 |
               +--------+--------+--------+--------+--------+-----+--------+

Top non-repeatable levels by time:
     D:1: 144 daAuts
